 Dungeon Crawl Stone Soup version 0.18.1-5-g4a78601 (webtiles) character file.

36185 epen the Champion of Chaos (level 13, -4/99 HPs)
             Began as a Demonspawn Gladiator on May 12, 2016.
             Was the Champion of Makhleb.
             Splashed by an oklob plant's acid (15 damage)
             ... on level 8 of the Lair of Beasts.
             The game lasted 00:41:33 (20962 turns).

epen the Champion of Chaos (Demonspawn Gladiator)  Turns: 20962, Time: 00:41:37

Health: -4/99      AC: 12    Str: 27    XL:     13   Next: 51%
Magic:  20/22      EV: 15    Int: 12    God:    Makhleb [******]
Gold:   1109       SH: 10    Dex: 15    Spells: 1 memorised, 12 levels left

rFire  + + +     SeeInvis .     B - +7 long sword "Orb Guardian's Bane" {freeze, rF++ Str+4 Int+2}
rCold  . . .     Gourm    .     m - +4 scale mail
rNeg   . . .     Faith    .     l - +0 buckler
rPois  +         Spirit   .     (helmet restricted)
rElec  .         Dismiss  .     R - +2 cloak
rCorr  .         Reflect  +     (no gloves)
SustAt .         Harm     .     o - +0 pair of boots
MR     +....                    r - +5 amulet of reflection
Stlth  +.........               e - ring of poison resistance
                                Q - ring "Jeevot" {rF+ MR+ Str+4}

@: manticore barbs, corroded, very slightly contaminated, somewhat resistant to
hostile enchantments, very unstealthy
A: antennae 2, icy blue scales 2, nightstalker 1
a: Minor Destruction, Lesser Servant of Makhleb, Major Destruction, Greater
Servant of Makhleb, Renounce Religion


You were on level 8 of the Lair of Beasts.
You worshipped Makhleb.
Makhleb was exalted by your worship.
You were not hungry.

You visited 3 branches of the dungeon, and saw 20 of its levels.

You collected 1290 gold pieces.
You spent 181 gold pieces at shops.

Inventory:

Hand Weapons
 a - a +0 long sword
 z - a +3 dagger of protection
 B - the +7 long sword "Orb Guardian's Bane" (weapon) {freeze, rF++ Str+4 Int+2}
   (You found it on level 4 of the Dungeon)

   It has been specially enchanted to freeze those struck by it, causing extra
   injury to most foes and up to half again as much damage against particularly
   susceptible opponents.
   It can also slow down cold-blooded creatures.
   It affects your strength (+4).
   It affects your intelligence (+2).
   It greatly protects you from fire.
Missiles
 d - 6 throwing nets (quivered)
Armour
 l - a +0 buckler (worn)
 m - a +4 scale mail (worn)
 o - a +0 pair of boots (worn)
 L - a troll hide
 R - a +2 cloak (worn)
Jewellery
 e - a ring of poison resistance (right hand)
 r - a +5 amulet of reflection (around neck)
 C - an uncursed ring of protection from magic
 P - an uncursed ring of resist corrosion
 Q - the ring "Jeevot" (left hand) {rF+ MR+ Str+4}
   (You found it on level 9 of the Dungeon)

   [ring of strength]

   It affects your strength (+4).
   It protects you from fire.
   It affects your resistance to hostile enchantments.
 S - the ring of Zawimic {Wiz Dex+4}
   (You found it on level 5 of the Lair of Beasts)

   [ring of wizardry]

   It improves your spell success rate.
   It affects your dexterity (+4).
Wands
 b - a wand of disintegration (13/24)
 t - a wand of disintegration (8/24)
 y - a wand of flame (17/48)
 D - a wand of lightning (11/15)
 H - a wand of digging (16/24)
 U - a wand of paralysis (14/24)
Scrolls
 g - 6 scrolls of recharging
 i - 2 scrolls of enchant weapon
 k - 13 scrolls of identify
 u - 2 scrolls of amnesia
 E - 3 scrolls of enchant armour
 F - 2 scrolls of fear
 M - 3 scrolls of noise
 N - 5 scrolls of magic mapping
 V - 4 scrolls of remove curse
Potions
 c - 2 potions of magic
 h - 2 potions of haste
 j - 3 potions of cancellation
 p - 4 potions of resistance
 q - 2 potions of lignification
 s - 2 potions of heal wounds
 v - 3 potions of flight
 w - 3 potions of might
 x - 3 potions of curing
 A - a potion of ambrosia
 G - a potion of agility
 J - 2 potions of brilliance
 Y - a potion of cure mutation
Books
 n - a book of Misfortune

   Spells                             Type                      Level
   a - Confusing Touch                Hexes                        2
   b - Confuse                        Hexes                        3
   c - Gell's Gravitas                Hexes/Translocation          3
   d - Petrify                        Transmutation/Earth          4
   e - Metabolic Englaciation         Hexes/Ice                    5
   f - Yara's Violent Unravelling     Hexes/Transmutation          5
 Z - a book of Spatial Translocations

   Spells                             Type                      Level
   a - Apportation                    Translocation                1
   b - Blink                          Translocation                2
   c - Shroud of Golubria             Charms/Translocation         2
   d - Portal Projectile              Translocation                3
   e - Teleport Other                 Translocation                3
   f - Passage of Golubria            Translocation                4
Miscellaneous
 K - a lamp of fire (inert)
Comestibles
 f - 10 bread rations
 I - 6 meat rations
 O - 5 chunks of flesh
 W - 33 fruits


   Skills:
 + Level 8.6 Fighting
 * Level 10.9 Long Blades
 - Level 1.7 Throwing
 * Level 9.2 Armour
 + Level 10.1 Dodging
 - Level 5.0 Shields
 + Level 1.1 Spellcasting
 * Level 4.1 Translocations
 * Level 12.2 Invocations


You had 12 spell levels left.
You knew the following spells:

 Your Spells              Type           Power        Failure   Level  Hunger
a - Blink                 Tloc           N/A          21%         2    ###....


Dungeon Overview and Level Annotations

Branches:
Dungeon (11/15)            Temple (1/1) D:7            Lair (8/8) D:10
 Shoals (0/4) Lair:4        Snake (0/4) Lair:5        Slime (0/6) Lair:8
    Orc (0/2) D:11

Altars:
Ashenzari
Cheibriados
Dithmenos
Elyvilon
Fedhas
Gozag
Kikubaaqudgha
Makhleb
Nemelex Xobeh
Okawaru
Pakellas
Ru
Sif Muna
Trog
Vehumet
Xom
Zin
The Shining One

Shops:
D:11 [

Annotations:
D:5 Yehuk's ghost, novice GrFi
Lair:8 exclusion: 4 oklob plants


Innate Abilities, Weirdness & Mutations

You have a pair of antennae on your head.
You are mostly covered in icy blue scales (AC +3, EV -1).
You are slightly more attuned to the shadows.


Message History

You feel much better. The oklob plant spits acid at you.
The splash of acid hits you! The acid corrodes you!
The acid burns!
Drink which item? (? for menu, Esc to quit)
Okay, then.
Read which item? (? for menu, Esc to quit)
Okay, then.
Casting: Blink
Confirm with . or Enter, or press ? or * to list all spells.
You miscast Blink.
You are very lightly contaminated with residual magic.
Nothing appears to happen.
The oklob plant spits acid at you. The splash of acid hits you!
The acid burns!
* * * LOW HITPOINT WARNING * * *
The oklob plant spits acid at you. The splash of acid hits you!
* * * LOW HITPOINT WARNING * * *
The acid burns!
You die...

##.........PP
##########.......PPPP
###......##.......÷PP..
.....#..#.........P....
..................P....
P.P.........PP.........
.>..(§§......P.........
P.P..§§§.....†.........
.....§@§..<..[.........
.....§§§§..............
.....§.§§...........P.P
..P....................
............#.#.#.#.#.#


PP...................... ..............#.#.#.#.#.# ..........................
................#.#†#.#.#.# You could see 4 oklob plants.

Vanquished Creatures
  A hydra (Lair:4)
  A fire crab (Lair:8)
  A hill giant (D:10)
  3 griffons
  An ugly thing (D:11)
  3 black mambas
  6 elephants (Lair:7)
  A centaur skeleton (D:11)
  7 spiny frogs
  7 komodo dragons
  2 rime drakes
  3 trolls
  2 two-headed ogres
  10 blink frogs
  A snapping turtle (Lair:4)
  A vampire (D:10)
  24 yaks
  A wyvern (D:11)
  A wraith (D:10)
  A spriggan (Lair:2)
  Grum (D:9)
  2 basilisks (Lair:8)
  8 hippogriffs
  2 hogs (Lair:7)
  6 nagas (Lair:5)
  2 soldier ants (D:11)
  Duvessa (D:7)
  14 porcupines
  9 water moccasins
  2 sky beasts
  5 orc warriors
  A black bear (D:9)
  2 wasps
  3 ice beasts
  2 necrophages
  7 ogres
  17 wolves
  5 centaurs
  8 crocodiles
  A big kobold (D:11)
  17 giant frogs
  Dowan (D:7)
  2 wyvern skeletons
  4 scorpions
  12 killer bees
  The ghost of epen the Insei, a weakling DsMo (D:3)
  8 wights
  3 howler monkeys
  4 electric eels
  4 crimson imps
  8 hounds
  2 centaur zombies
  2 giant frog zombies
  2 jellies (D:5)
  5 orc priests
  11 orc wizards
  11 iguanas
  7 worker ants
  3 sheep (Lair:8)
  A killer bee zombie (D:7)
  A hound zombie (D:9)
  2 worker ant zombies
  A howler monkey zombie (D:10)
  Robin (D:3)
  A howler monkey skeleton (D:7)
  3 gnolls (D:10)
  11 adders
  48 river rats
  2 shadow imps
  An adder zombie (D:9)
  5 worms
  2 dart slugs (D:2)
  A giant gecko (D:5)
  28 orcs
  A bat zombie (D:2)
  7 giant cockroaches
  13 goblins
  12 hobgoblins
  13 jackals
  4 quokkas
  A ball python (D:4)
  4 bats
  5 giant newts
  A jackal zombie (D:5)
  13 kobolds
  2 quokka skeletons (D:8)
  8 rats
  3 rat zombies (D:2)
477 creatures vanquished.

Vanquished Creatures (collateral kills)
  Kirke (Lair:7)
  A hydra (Lair:6)
  3 death yaks (Lair:7)
  3 elephants (Lair:7)
  A rime drake (Lair:6)
  A hog (Lair:7)
  3 yaks (Lair:6)
  A naga (Lair:5)
  An ogre (D:11)
  A killer bee (D:11)
  A plant (Lair:3)
17 creatures vanquished.

Vanquished Creatures (others)
  An orc (D:11)
  9 fungi
  8 plants
18 creatures vanquished.

Grand Total: 512 creatures vanquished

Notes
Turn   | Place    | Note
--------------------------------------------------------------
     0 | D:1      | epen the Demonspawn Gladiator began the quest for the Orb.
     0 | D:1      | Reached XP level 1. HP: 16/16 MP: 1/1
   154 | D:1      | Gained mutation: You have a pair of small antennae on your head. [demonic ancestry]
   154 | D:1      | Reached XP level 2. HP: 12/22 MP: 2/2
  1273 | D:2      | Reached XP level 3. HP: 28/28 MP: 3/3
  1516 | D:2      | Reached skill level 1 in Armour
  1657 | D:2      | Found an ancient bone altar of Kikubaaqudgha.
  1685 | D:2      | Found an iron altar of Okawaru.
  1689 | D:2      | Found a bloodstained altar of Trog.
  1691 | D:2      | You fall through a shaft!
  1722 | D:3      | Reached XP level 4. HP: 18/34 MP: 4/4
  2659 | D:3      | Noticed Robin
  2718 | D:3      | Killed Robin
  3085 | D:3      | Gained mutation: You have a pair of antennae on your head. [demonic ancestry]
  3085 | D:3      | Reached XP level 5. HP: 19/40 MP: 5/5
  4027 | D:3      | Noticed epen's ghost (weakling DsMo)
  4061 | D:3      | Killed epen's ghost
  4276 | D:4      | Gained mutation: You are slightly more attuned to the shadows. [demonic ancestry]
  4276 | D:4      | Reached XP level 6. HP: 30/47 MP: 6/6
  4389 | D:4      | Found a radiant altar of Vehumet.
  4754 | D:4      | Found a shattered altar of Ashenzari.
  4759 | D:4      | Got a steaming long sword
  4761 | D:4      | Identified the +7 long sword "Orb Guardian's Bane" {freeze, rF++ Str+4 Int+2} (You found it on level 4 of the Dungeon)
  5303 | D:5      | Entered Level 5 of the Dungeon
  5350 | D:5      | Gained mutation: You are partially covered in icy blue scales (AC +1). [demonic ancestry]
  5350 | D:5      | Reached XP level 7. HP: 29/53 MP: 7/7
  5445 | D:5      | Reached skill level 5 in Long Blades
  5445 | D:5      | Reached skill level 5 in Dodging
  5632 | D:5      | Noticed Yehuk's ghost (novice GrFi)
  5866 | D:5      | Found an iron altar of Okawaru.
  6096 | D:6      | Reached XP level 8. HP: 60/60 MP: 8/8
  6173 | D:6      | Gained mutation: You are frail (-10% HP). [potion of mutation]
  6173 | D:6      | Gained mutation: Your flesh is heat resistant. [potion of mutation]
  6173 | D:6      | Gained mutation: You tend to lose your temper in combat. [potion of mutation]
  6174 | D:6      | Lost mutation: You tend to lose your temper in combat. [potion of cure mutation]
  6174 | D:6      | Lost mutation: Your flesh is heat resistant. [potion of cure mutation]
  6174 | D:6      | Lost mutation: You are frail (-10% HP). [potion of cure mutation]
  6175 | D:6      | Gained mutation: You are agile. (Dex +2) [potion of mutation]
  6175 | D:6      | Gained mutation: Armour fits poorly on your strangely shaped body. [potion of mutation]
  6175 | D:6      | Gained mutation: Your spells are a little harder to cast, but a little more powerful. [potion of mutation]
  6176 | D:6      | Lost mutation: Your spells are a little harder to cast, but a little more powerful. [potion of cure mutation]
  6176 | D:6      | Lost mutation: Armour fits poorly on your strangely shaped body. [potion of cure mutation]
  6176 | D:6      | Lost mutation: You are agile. (Dex +2) [potion of cure mutation]
  6237 | D:6      | Found a sacrificial altar of Ru.
  6460 | D:6      | Reached skill level 1 in Shields
  6655 | D:7      | Reached skill level 5 in Fighting
  6667 | D:7      | Found a staircase to the Ecumenical Temple.
  6705 | Temple   | Entered the Ecumenical Temple
  6933 | D:7      | Noticed Duvessa
  6938 | D:7      | Killed Duvessa
  6940 | D:7      | Noticed Dowan
  6970 | D:7      | Killed Dowan
  6970 | D:7      | Gained mutation: You are mostly covered in icy blue scales (AC +3, EV -1). [demonic ancestry]
  6970 | D:7      | Reached XP level 9. HP: 61/68 MP: 9/9
  7389 | D:7      | Found a glowing silver altar of Zin.
  7468 | D:7      | Found a burning altar of Makhleb.
  7468 | D:7      | Noticed an Executioner
  7471 | D:7      | Noticed an orange demon
  7473 | D:7      | Became a worshipper of Makhleb the Destroyer
  7520 | D:8      | Reached skill level 1 in Invocations
  7559 | D:8      | Reached skill level 2 in Invocations
  7896 | D:8      | Found a shadowy altar of Dithmenos.
  8381 | D:9      | Found an oddly glowing altar of Pakellas.
  8387 | D:9      | Reached skill level 3 in Invocations
  8446 | D:9      | Noticed Grum
  8476 | D:9      | Killed Grum
  8787 | D:9      | Reached skill level 4 in Invocations
  8823 | D:9      | Noticed a troll
  8825 | D:9      | Reached XP level 10. HP: 74/76 MP: 13/13
  8851 | D:9      | Reached * piety under Makhleb
  8912 | D:9      | Reached skill level 5 in Armour
  9412 | D:9      | Reached skill level 5 in Invocations
  9804 | D:9      | Got a smoking ivory ring
  9955 | D:9      | Identified the ring "Jeevot" {rF+ MR+ Str+4} (You found it on level 9 of the Dungeon)
  9969 | D:10     | Entered Level 10 of the Dungeon
 10181 | D:10     | Reached ** piety under Makhleb
 10279 | D:10     | Reached skill level 6 in Invocations
 10501 | D:10     | Found a staircase to the Lair.
 11640 | D:10     | Noticed a hill giant
 11654 | D:10     | Killed a hill giant
 11993 | D:11     | Reached skill level 7 in Invocations
 12014 | D:11     | Reached XP level 11. HP: 83/83 MP: 16/16
 12059 | D:11     | Reached *** piety under Makhleb
 12439 | D:11     | Found Nuinn's Armour Shoppe.
 12441 | D:11     | Found a staircase to the Orcish Mines.
 12441 | D:11     | Noticed a cyan ugly thing
 12474 | D:11     | Killed a cyan ugly thing
 12539 | D:11     | Reached **** piety under Makhleb
 12541 | D:11     | Bought a +2 cloak for 181 gold pieces
 12773 | D:11     | Reached skill level 8 in Invocations
 13226 | Lair:1   | Entered Level 1 of the Lair of Beasts
 13379 | Lair:1   | Reached skill level 5 in Shields
 13939 | Lair:1   | Reached ***** piety under Makhleb
 14415 | Lair:1   | Reached skill level 9 in Invocations
 14843 | Lair:2   | Noticed a griffon
 14853 | Lair:2   | Killed a griffon
 14986 | Lair:2   | Reached XP level 12. HP: 75/91 MP: 19/19
 15507 | Lair:3   | Noticed a four-headed hydra
 16252 | Lair:3   | Got an iridescent dagger
 16627 | Lair:4   | Reached skill level 10 in Invocations
 16757 | Lair:4   | Noticed a six-headed hydra
 16779 | Lair:4   | Killed a nine-headed hydra
 16779 | Lair:4   | Reached skill level 10 in Long Blades
 16923 | Lair:4   | Found a staircase to the Shoals.
 16980 | Lair:4   | Learned a level 2 spell: Blink
 17216 | Lair:4   | Reached skill level 1 in Translocations
 18005 | Lair:5   | Reached skill level 11 in Invocations
 18087 | Lair:5   | Got a faintly glowing bone ring
 18093 | Lair:5   | Identified the ring of Zawimic {Wiz Dex+4} (You found it on level 5 of the Lair of Beasts)
 18102 | Lair:5   | Found a staircase to the Snake Pit.
 18469 | Lair:6   | Noticed a six-headed hydra
 18479 | Lair:6   | Killed a seven-headed hydra
 18596 | Lair:6   | Reached ****** piety under Makhleb
 18635 | Lair:6   | Noticed a seven-headed hydra
 18666 | Lair:6   | Noticed an Executioner
 19042 | Lair:6   | Identified a -2 rod of ignition (13/13) (You found it on level 5 of the Lair of Beasts)
 19376 | Lair:7   | Noticed Kirke
 19381 | Lair:7   | Noticed a sphinx
 19393 | Lair:7   | Killed Kirke
 19393 | Lair:7   | Reached XP level 13. HP: 14/98 MP: 21/21
 19846 | Lair:7   | Reached skill level 12 in Invocations
 20170 | Lair:8   | Entered Level 8 of the Lair of Beasts
 20301 | Lair:8   | Reached skill level 10 in Dodging
 20896 | Lair:8   | Reached skill level 1 in Spellcasting
 20958 | Lair:8   | Found a staircase to the Slime Pits.
 20962 | Lair:8   | Splashed by an oklob plant's acid

Skill      XL: |  1  2  3  4  5  6  7  8  9 10 11 12 13 |
---------------+----------------------------------------+-----
Long Blades    | 3 4 5 6 7 8 9 10 | 10.9
Dodging        | 3 4 5 6 7 8 9 10 | 10.1
Armour         | 1 2 3 4 5 7 8 9 |  9.2
Fighting       | 3 4 5 6 7 8 |  8.6
Shields        | 2 3 4 5 |  5.0
Invocations    | 4 7 9 11 12 | 12.2
Translocations | 3 4 |  4.1
Spellcasting   | 1 |  1.1
Throwing       | |  1.7

Action                   |  1- 3 |  4- 6 |  7- 9 | 10-12 | 13-15 || total
-------------------------+-------+-------+-------+-------+-------++-------
Melee: Long sword        |   127 |   206 |   266 |  1034 |   203 ||  1836
       Dagger            |       |   111 |       |       |       ||   111
Invok: Minor Destruction |       |       |       |     5 |       ||     5
       Lesser Servant of |       |       |       |    10 |     1 ||    11
       Greater Servant o |       |       |       |     2 |     1 ||     3
Evoke: Wand              |       |       |       |     4 |       ||     4
       Lamp of fire      |       |       |       |     1 |       ||     1
  Use: Potion            |       |     2 |     4 |     3 |     1 ||    10
       Scroll            |       |       |    18 |    13 |     1 ||    32
 Stab: Distracted        |       |       |       |     1 |     1 ||     2
       Sleeping          |       |       |       |       |     1 ||     1
  Eat: Chunk             |     2 |     6 |    11 |    20 |     6 ||    45
       Royal jelly       |       |     1 |       |     1 |       ||     2
       Meat ration       |       |     1 |       |     2 |       ||     3
       Beef jerky        |       |       |       |     2 |       ||     2
Armor: Leather armour    |    39 |    69 |       |       |       ||   108
       Scale mail        |       |    27 |    76 |   300 |    76 ||   479
Dodge: Dodged            |   120 |   202 |   125 |   510 |   110 ||  1067
Block: Other             |       |     5 |    15 |       |       ||    20
       Buckler           |       |       |    92 |   493 |   106 ||   691
       Reflection        |       |       |     4 |     8 |       ||    12
